[Event "Wednesday Jan 10 Engine Tour 9 Rd Swiss 12m+1s Starts at 1600hrs ST"]
[Site "Infinity Chess"]
[Date "2018.1.10"]
[Round "4"]
[White "hafaba"]
[Black "Klaus"]
[Result "1-0"]
[ECO "A06"]
[WhiteElo "2439"]
[BlackElo "2435"]
[WhiteEngine "Stockfish SL 07012018 POPCNT_CTG"]
[BlackEngine "asmFishW_2017-11-19_bmi2"]
[EventType "Swiss"]
[WhiteTeam ""]
[BlackTeam ""]
[PlyCount "185"]
[TimeControl "720+1"]

1. Nf3 d5 2. d4 Nf6 3. c4 e6 4. Nc3 c6 5. e3 Nbd7 6. Qc2 Bd6 7. b3 a6 8. Bd3 O-O 
9. O-O Qe7 10. c5 Bc7 11. e4 dxe4 12. Nxe4 Nd5 13. Bg5 f6 14. Bd2 f5 15. Ng3 h6 
16. Rfe1 Qf7 17. Nf1 a5 18. Ne3 N7f6 19. Ne5 Qh5 20. Nxd5 exd5 21. Bf4 g5 
22. Bg3 Ne4 23. f3 Nxg3 24. hxg3 Bd7 25. f4 Bxe5 26. Rxe5 Rf7 27. Rae1 Kh8 
28. Re7 Raf8 29. Qd2 Qg4 30. Qf2 Qh5 31. Bc2 Kg8 32. R1e5 Qg4 33. Re1 Qh5 
34. R1e5 Qg4 35. Re3 gxf4 36. gxf4 Rxe7 37. Rxe7 Rf7 38. Re3 Rg7 39. Rd3 Qg6 
40. Bd1 Qf6 41. Qe1 Qd8 42. Rg3 Rxg3 43. Qxg3+ Kh7 44. Qe3 Kg6 45. g3 Qe8 
46. Kf2 Kf6 47. Qd2 Qa8 48. Qe1 Kg6 49. Qe7 Qe8 50. Qxe8+ Bxe8 51. Ke3 Kf7 
52. Kd3 Bd7 53. Kc2 Ke8 54. Kb2 Kd8 55. Ka3 Kc7 56. Bc2 Bc8 57. Ka4 Be6 
58. Kxa5 Bd7 59. b4 Be6 60. b5 Bc8 61. Kb4 Kb8 62. a4 Ka8 63. a5 Be6 64. a6 Ka7 
65. axb7 Kxb7 66. b6 Bd7 67. Bd3 Kb8 68. Ka5 Be6 69. Ka6 Bc8+ 70. b7 Bxb7+ 
71. Kb6 Bc8 72. Ba6 Bd7 73. Bb7 Be6 74. Bxc6 Kc8 75. Bb7+ Kd8 76. c6 Ke7 
77. c7 Bd7 78. c8=Q Bxc8 79. Bxc8 h5 80. Kc6 Kf7 81. Kxd5 Ke7 82. Bxf5 Kf6 
83. Be6 Kg6 84. Ke5 h4 85. gxh4 Kh5 86. d5 Kxh4 87. d6 Kg3 88. d7 Kf2 
89. d8=Q Ke1 90. Bg4 Kf2 91. Qd2+ Kg3 92. Kf5 Kh4 93. Qe1# 1-0

[Event "Wednesday Jan 10 Engine Tour 9 Rd Swiss 12m+1s Starts at 1600hrs ST"]
[Site "Infinity Chess"]
[Date "2018.1.10"]
[Round "4"]
[White "MarioDeMonti"]
[Black "Thinker"]
[Result "1/2-1/2"]
[ECO "C53"]
[WhiteElo "2427"]
[BlackElo "2436"]
[WhiteEngine "stockfish_x64_bmi2_2017_12_26_CTG"]
[BlackEngine "BrainFish_180106_x64_modern_CTG"]
[EventType "Swiss"]
[WhiteTeam ""]
[BlackTeam ""]
[PlyCount "122"]
[TimeControl "720+1"]

1. e4 e5 2. Nf3 Nc6 3. Bc4 Bc5 4. c3 Nf6 5. d3 d6 6. O-O O-O 7. Bg5 h6 8. Bh4 g5 
9. Bg3 a6 10. Bb3 Ba7 11. Nbd2 Na5 12. Ba4 Nh5 13. b4 Nxg3 14. hxg3 Nc6 
15. Bxc6 bxc6 16. Nb3 Re8 17. Qd2 Rb8 18. Rfe1 Bd7 19. Rac1 Qe7 20. a3 Bb6 
21. d4 c5 22. bxc5 dxc5 23. Nxc5 Bxc5 24. dxc5 Bg4 25. Rb1 Qxc5 26. Rxb8 Rxb8 
27. Nxg5 Rb3 28. Nf3 Bxf3 29. gxf3 Qxc3 30. Qxc3 Rxc3 31. Kg2 Rxa3 32. Rc1 a5 
33. Rxc7 a4 34. Ra7 Ra1 35. Kh3 Kg7 36. Ra5 f6 37. Kg4 Kg6 38. f4 h5+ 
39. Kf3 Ra3+ 40. Kg2 exf4 41. gxf4 h4 42. Ra7 Kh5 43. e5 fxe5 44. fxe5 Kg6 
45. e6 Ra2 46. Kh3 Rxf2 47. Kg4 Ra2 48. e7 Kf7 49. e8=Q+ Kxe8 50. Kxh4 Ra1 
51. Ra6 Kd7 52. Kh3 a3 53. Kg2 Kc7 54. Rh6 Kb7 55. Rh3 Ka6 56. Rb3 Ra2+ 
57. Kf1 Ra1+ 58. Kg2 Ra2+ 59. Kf1 Ka5 60. Re3 Ra1+ 61. Kg2 Ra2+ 1/2-1/2

[Event "Wednesday Jan 10 Engine Tour 9 Rd Swiss 12m+1s Starts at 1600hrs ST"]
[Site "Infinity Chess"]
[Date "2018.1.10"]
[Round "4"]
[White "MGR"]
[Black "Marsell"]
[Result "1/2-1/2"]
[ECO "C55"]
[WhiteElo "2492"]
[BlackElo "2461"]
[WhiteEngine "asmFishW_2017-11-19_bmi2"]
[BlackEngine "asmFishW_2017-12-07_popcnt"]
[EventType "Swiss"]
[WhiteTeam ""]
[BlackTeam ""]
[PlyCount "97"]
[TimeControl "720+1"]

1. e4 e5 2. Nf3 Nc6 3. Bc4 Nf6 4. d3 Bc5 5. c3 d6 6. O-O O-O 7. Bg5 h6 8. Bh4 a6 
9. a4 g5 10. Bg3 Ba7 11. Nbd2 Nh7 12. h3 h5 13. Kh1 Kh8 14. b4 h4 15. Bh2 g4 
16. Ng1 Rg8 17. hxg4 Bxg4 18. f3 Bd7 19. f4 Bxg1 20. Rxg1 exf4 21. Qh5 Bg4 
22. Qh6 Ne5 23. Qxf4 Rg7 24. Qf2 Nf6 25. Bxe5 dxe5 26. Nf3 Nh5 27. Nxe5 Ng3+ 
28. Kh2 Bh5 29. Qf4 f6 30. Nf3 Ne2 31. Qh6+ Rh7 32. Qe3 Nxg1 33. Kxg1 h3 
34. g3 b5 35. Bd5 c6 36. Be6 a5 37. axb5 axb4 38. Rxa8 Qxa8 39. Kh2 bxc3 
40. Qf4 Qd8 41. bxc6 Bxf3 42. Qxf3 c2 43. Qf4 Qd4 44. Qb8+ Kg7 45. Qc7+ Kh8 
46. Qb8+ Kg7 47. Qc7+ Kh8 48. Qc8+ Kg7 49. Qc7+ 1/2-1/2

[Event "Wednesday Jan 10 Engine Tour 9 Rd Swiss 12m+1s Starts at 1600hrs ST"]
[Site "Infinity Chess"]
[Date "2018.1.10"]
[Round "4"]
[White "RonWeasley"]
[Black "xeonrocks"]
[Result "0-1"]
[ECO "A00"]
[WhiteElo "2449"]
[BlackElo "2508"]
[WhiteEngine "BrainFish 060118_CTG"]
[BlackEngine "asmFishW_CTG"]
[EventType "Swiss"]
[WhiteTeam ""]
[BlackTeam ""]
[PlyCount "190"]
[TimeControl "720+1"]

1. a3 c5 2. e3 Nc6 3. d4 cxd4 4. exd4 d5 5. Be3 Nf6 6. Nf3 Bf5 7. c4 g6 
8. Nc3 Bg7 9. Be2 O-O 10. O-O dxc4 11. Bxc4 Ng4 12. h3 Nxe3 13. fxe3 e5 
14. d5 Na5 15. Ba2 b5 16. Rf2 Kh8 17. Nxb5 Nb7 18. Nc3 Nd6 19. Qd2 Rc8 
20. Re1 Be4 21. Nh2 Qb6 22. Nf1 Bf5 23. e4 Bd7 24. Qe3 Qxe3 25. Nxe3 f5 
26. Rc2 Bf6 27. b3 Be7 28. Nc4 Nxc4 29. bxc4 Bxa3 30. exf5 Bc5+ 31. Kh1 Bxf5 
32. Rd2 e4 33. Rdd1 e3 34. Re2 Rce8 35. Bb3 Kg7 36. Ba4 Re5 37. Bc6 h5 
38. d6 Rd8 39. d7 a6 40. Nd5 Re4 41. Nc7 Rxc4 42. Nxa6 Bf8 43. Bb5 Rc3 
44. Kh2 Kh6 45. g3 Be4 46. Ra2 Be7 47. Rb2 Bf6 48. h4 Be5 49. Rg2 Bb7 
50. Nb4 Bxg2 51. Kxg2 Bxg3 52. Nc6 Rxc6 53. Kxg3 Rb6 54. Ba4 e2 55. Re1 Rb4 
56. Bc6 Rc4 57. Bb5 Rc5 58. Ba4 Re5 59. Kf4 Ra5 60. Bc6 Ra6 61. Bb5 Rb6 
62. Bxe2 Re6 63. Kf3 Rxd7 64. Rf1 Rf7+ 65. Kg3 Rxf1 66. Bxf1 g5 67. hxg5+ Kxg5 
68. Bh3 Re3+ 69. Kg2 Kf4 70. Bd7 h4 71. Bc8 Rg3+ 72. Kh2 h3 73. Be6 Rg2+ 
74. Kxh3 Rg3+ 75. Kh2 Kf3 76. Bc4 Kf2 77. Ba2 Ra3 78. Bb1 Ra1 79. Bc2 Rc1 
80. Bf5 Rc5 81. Bg4 Rc6 82. Bh5 Rh6 83. Kh3 Rxh5+ 84. Kg4 Re5 85. Kf4 Re3 
86. Kg5 Kf3 87. Kf5 Re4 88. Kg6 Rf4 89. Kg5 Kg3 90. Kh6 Rg4 91. Kh7 Kf4 
92. Kh8 Ke5 93. Kh7 Kf6 94. Kh8 Kf7 95. Kh7 Rh4# 0-1

[Event "Wednesday Jan 10 Engine Tour 9 Rd Swiss 12m+1s Starts at 1600hrs ST"]
[Site "Infinity Chess"]
[Date "2018.1.10"]
[Round "4"]
[White "Satria_Ungu"]
[Black "SkyPilot"]
[Result "1/2-1/2"]
[ECO "A46"]
[WhiteElo "2399"]
[BlackElo "2488"]
[WhiteEngine "Houdini 6_CTG"]
[BlackEngine "stockfish_x64_bmi2_2018_01_01_CTG"]
[EventType "Swiss"]
[WhiteTeam ""]
[BlackTeam ""]
[PlyCount "163"]
[TimeControl "720+1"]

1. d4 Nf6 2. Nf3 d5 3. c4 e6 4. Nc3 c6 5. e3 Nbd7 6. Bd3 dxc4 7. Bxc4 b5 
8. Be2 Bb7 9. O-O a6 10. e4 c5 11. e5 Nd5 12. a4 b4 13. Nxd5 Bxd5 14. Be3 Be7 
15. Rc1 Qa5 16. dxc5 Bxc5 17. Nd4 O-O 18. Bc4 Bxc4 19. Rxc4 Bxd4 20. Qxd4 Rfd8 
21. f4 Nf8 22. Qe4 Qxa4 23. Rxb4 Qe8 24. Rc4 a5 25. Rfc1 Ng6 26. Bc5 Rab8 
27. R1c2 Rd1+ 28. Kf2 Ne7 29. Bd6 Rd8 30. Qe2 Rd5 31. g4 h6 32. b3 Rb5 
33. R2c3 Nd5 34. Rf3 Qd7 35. Kg3 Qa7 36. Rc1 Qb7 37. Qc4 Kh8 38. h3 g6 
39. Rc2 Ra8 40. Qa4 Kh7 41. Rc4 Rb6 42. Bc5 Rb5 43. Bd6 h5 44. Rc2 Rg8 
45. Qc4 Rb6 46. Kh2 a4 47. bxa4 hxg4 48. hxg4 Kg7 49. Rh3 Ne3 50. Rxe3 Rh8+ 
51. Rh3 Rxh3+ 52. Kxh3 Rb3+ 53. Kh2 Qf3 54. Qxb3 Qxb3 55. Rf2 g5 56. fxg5 Qxa4 
57. Kg3 Qa7 58. Rf3 Kg6 59. Kh4 Qb7 60. Rf6+ Kg7 61. Kg3 Qb1 62. Rf3 Qe1+ 
63. Kh3 Qe2 64. Kg3 Kg6 65. Rf6+ Kxg5 66. Rxf7 Qxg4+ 67. Kf2 Qd4+ 68. Ke2 Kh4 
69. Rf8 Kg4 70. Rf6 Qc3 71. Rf7 Kg3 72. Rf8 Qa1 73. Kd3 Qa6+ 74. Kc3 Qa4 
75. Rf6 Qg4 76. Rf7 Qh4 77. Rf1 Qh8 78. Kb4 Qa8 79. Kb5 Qd8 80. Rf6 Qh8 
81. Rxe6 Qc8 82. Rf6 1/2-1/2

[Event "Wednesday Jan 10 Engine Tour 9 Rd Swiss 12m+1s Starts at 1600hrs ST"]
[Site "Infinity Chess"]
[Date "2018.1.10"]
[Round "4"]
[White "THE_MACHINE"]
[Black "Gilgamesch"]
[Result "1/2-1/2"]
[ECO "B53"]
[WhiteElo "2534"]
[BlackElo "2503"]
[WhiteEngine "Houdini 6"]
[BlackEngine "BrainFish_171005_x64_bmi2"]
[EventType "Swiss"]
[WhiteTeam ""]
[BlackTeam ""]
[PlyCount "75"]
[TimeControl "720+1"]

1. e4 c5 2. Nf3 d6 3. d4 Nf6 4. Nc3 cxd4 5. Nxd4 a6 6. Be3 e5 7. Nb3 Be6 
8. f3 Be7 9. Qd2 Nbd7 10. g4 O-O 11. O-O-O b5 12. g5 Nh5 13. Kb1 Nb6 14. Na5 Rc8 
15. Rg1 g6 16. a3 Qc7 17. Nd5 Nxd5 18. exd5 Bd7 19. Bd3 Bd8 20. Nc6 Bxc6 
21. dxc6 d5 22. c3 Qxc6 23. Bc2 d4 24. cxd4 Bb6 25. Be4 Qd6 26. Qf2 Bxd4 
27. Bxd4 exd4 28. Rxd4 Qc5 29. h4 Rcd8 30. Rd2 Qxf2 31. Rxf2 Rd6 32. Rc2 h6 
33. Rc7 hxg5 34. Rxg5 Nf4 35. Rg4 Nh5 36. Rg5 Nf4 37. Rg4 Nh5 38. Rg5 1/2-1/2

[Event "Wednesday Jan 10 Engine Tour 9 Rd Swiss 12m+1s Starts at 1600hrs ST"]
[Site "Infinity Chess"]
[Date "2018.1.10"]
[Round "3"]
[White "Vimtiroba"]
[Black "ocirema"]
[Result "1/2-1/2"]
[ECO "C53"]
[WhiteElo "2463"]
[BlackElo "2405"]
[WhiteEngine "CChess@Extended_CTG"]
[BlackEngine "stockfish_18010422_x64_modern_CTG"]
[EventType "Swiss"]
[WhiteTeam ""]
[BlackTeam ""]
[PlyCount "51"]
[TimeControl "720+1"]

1. e4 e5 2. Nf3 Nc6 3. Bc4 Bc5 4. c3 Nf6 5. d3 O-O 6. O-O d6 7. h3 a5 8. Re1 h6 
9. Nbd2 Be6 10. a4 Ba7 11. b3 d5 12. exd5 Nxd5 13. Ne4 Re8 14. Bd2 Nf6 
15. Qe2 Qe7 16. Bb5 Bxb3 17. c4 Nxe4 18. Qxe4 Rad8 19. Bxc6 bxc6 20. Qxe5 Qxe5 
21. Nxe5 Bb6 22. Ra3 Bc2 23. Ra2 Bb3 24. Ra3 Bc2 25. Ra2 Bb3 26. Ra3 1/2-1/2

[Event "Wednesday Jan 10 Engine Tour 9 Rd Swiss 12m+1s Starts at 1600hrs ST"]
[Site "Infinity Chess"]
[Date "2018.1.10"]
[Round "3"]
[White "angriff"]
[Black "KULLANI"]
[Result "1/2-1/2"]
[ECO "C50"]
[WhiteElo "2406"]
[BlackElo "2419"]
[WhiteEngine "SF_64BIT_POPCNT_CTG"]
[BlackEngine "BrainFish_180106_x64_CTG"]
[EventType "Swiss"]
[WhiteTeam ""]
[BlackTeam ""]
[PlyCount "115"]
[TimeControl "720+1"]

1. e4 e5 2. Nf3 Nc6 3. Bc4 Bc5 4. O-O Nf6 5. d3 d6 6. c3 a5 7. Re1 h6 
8. Nbd2 O-O 9. Nf1 Be6 10. Bb5 Ne7 11. d4 exd4 12. cxd4 Bb6 13. d5 Bd7 
14. Bxd7 Qxd7 15. Be3 Bxe3 16. Rxe3 Rfe8 17. Ng3 c6 18. dxc6 Nxc6 19. Qd2 d5 
20. Rd1 Rad8 21. exd5 Rxe3 22. Qxe3 Nxd5 23. Qb3 Qe6 24. a3 Nc7 25. Rxd8+ Nxd8 
26. Qxe6 Ncxe6 27. Nf5 Nc6 28. g3 Kf8 29. Kf1 h5 30. Nd6 Ke7 31. Nxb7 Kd7 
32. b4 axb4 33. axb4 Nxb4 34. Ne5+ Kc7 35. Na5 f6 36. Ng6 Kd6 37. Ke2 Kd5 
38. Ke3 Nc2+ 39. Kd3 Nb4+ 40. Ke3 Nc2+ 41. Kd3 Ncd4 42. Ke3 Nf5+ 43. Kf3 Nh6 
44. Ke2 Nf5 45. f3 Ned4+ 46. Kf2 Kc5 47. Nf4 h4 48. g4 Ne7 49. Nb7+ Kc6 
50. Na5+ Kb5 51. Nb7 Kc6 52. Na5+ Kb5 53. Nb7 g5 54. Nh5 Kc6 55. Na5+ Kb5 
56. Nb7 Kc6 57. Na5+ Kb5 58. Nb7 1/2-1/2

[Event "Wednesday Jan 10 Engine Tour 9 Rd Swiss 12m+1s Starts at 1600hrs ST"]
[Site "Infinity Chess"]
[Date "2018.1.10"]
[Round "3"]
[White "miguello"]
[Black "MiKachomiKa QueeN"]
[Result "1/2-1/2"]
[ECO "E40"]
[WhiteElo "2410"]
[BlackElo "2412"]
[WhiteEngine "asmFishW_2017-11-19_popcnt_CTG"]
[BlackEngine "stockfish_18010422_x64_modern_CTG"]
[EventType "Swiss"]
[WhiteTeam ""]
[BlackTeam ""]
[PlyCount "98"]
[TimeControl "720+1"]

1. d4 Nf6 2. c4 e6 3. Nc3 Bb4 4. e3 O-O 5. Bd3 c5 6. Nf3 b6 7. O-O d5 
8. cxd5 exd5 9. Ne5 Bxc3 10. bxc3 Ba6 11. Bxa6 Nxa6 12. Qe2 Qc8 13. f3 Re8 
14. Bd2 Nb8 15. e4 cxd4 16. cxd4 dxe4 17. fxe4 Nbd7 18. Bf4 Qb7 19. Rae1 Nxe5 
20. Bxe5 Qxe4 21. Qxe4 Nxe4 22. Rxe4 f6 23. Re3 fxe5 24. dxe5 Re7 25. e6 Rae8 
26. Rfe1 Rd8 27. R1e2 Rd4 28. h3 g5 29. Kh2 Kg7 30. g4 h6 31. Kg3 Kg6 
32. Rf3 Rd6 33. Rfe3 Rc6 34. a3 a5 35. h4 gxh4+ 36. Kxh4 a4 37. Re4 b5 
38. Re5 Rc3 39. Rxb5 Rxa3 40. Ra5 Kf6 41. Rh5 Kg6 42. Ra5 Ra1 43. Ra6 a3 
44. Ra5 a2 45. Raxa2 Rxa2 46. Rxa2 Rxe6 47. Kg3 Kf7 48. Rf2+ Kg6 49. Ra2 Re8 
1/2-1/2

[Event "Wednesday Jan 10 Engine Tour 9 Rd Swiss 12m+1s Starts at 1600hrs ST"]
[Site "Infinity Chess"]
[Date "2018.1.10"]
[Round "3"]
[White "ivrdurant"]
[Black "Dovahkiin"]
[Result "1/2-1/2"]
[ECO "C11"]
[WhiteElo "2421"]
[BlackElo "2412"]
[WhiteEngine "Raubfisch X37b1."]
[BlackEngine "BrainFish_180106_x64_modern_CTG"]
[EventType "Swiss"]
[WhiteTeam ""]
[BlackTeam ""]
[PlyCount "72"]
[TimeControl "720+1"]

1. e4 e6 2. d4 d5 3. Nc3 Nf6 4. e5 Nfd7 5. f4 c5 6. Nf3 Nc6 7. Be3 cxd4 
8. Nxd4 Qb6 9. Qd2 Qxb2 10. Rb1 Qa3 11. Bb5 Nxd4 12. Bxd4 a6 13. Bxd7+ Bxd7 
14. Rb3 Qe7 15. Rxb7 Rc8 16. O-O Qd8 17. Qf2 Rxc3 18. Bxc3 Qc8 19. Rb3 Ba4 
20. Bd4 Bxb3 21. axb3 Be7 22. c3 O-O 23. b4 Qc6 24. Ra1 Bd8 25. g3 Bc7 
26. Kg2 Ra8 27. Qf1 h6 28. Qd3 Qb7 29. f5 exf5 30. Qxf5 Bb6 31. Bxb6 Qxb6 
32. Rf1 Ra7 33. Qc8+ Kh7 34. Qf5+ Kg8 35. Qc8+ Kh7 36. Qf5+ Kg8 1/2-1/2

[Event "Wednesday Jan 10 Engine Tour 9 Rd Swiss 12m+1s Starts at 1600hrs ST"]
[Site "Infinity Chess"]
[Date "2018.1.10"]
[Round "3"]
[White "hafaba"]
[Black "MarioDeMonti"]
[Result "1/2-1/2"]
[ECO "A00"]
[WhiteElo "2439"]
[BlackElo "2427"]
[WhiteEngine "Stockfish SL 07012018 POPCNT_CTG"]
[BlackEngine "stockfish_x64_bmi2_2017_12_26_CTG"]
[EventType "Swiss"]
[WhiteTeam ""]
[BlackTeam ""]
[PlyCount "126"]
[TimeControl "720+1"]

1. g3 e5 2. c4 Nc6 3. Bg2 Nf6 4. Nc3 Bc5 5. e3 d5 6. cxd5 Nb4 7. d4 exd4 
8. exd4 Be7 9. Nge2 Nbxd5 10. Nf4 Nb6 11. Be3 O-O 12. O-O Re8 13. Rc1 Bg4 
14. Qb3 c6 15. h3 Bd7 16. Rfe1 Bd6 17. d5 c5 18. Bd2 Rxe1+ 19. Rxe1 Qc7 
20. Nb5 Bxb5 21. Qxb5 Qd7 22. Qd3 Bxf4 23. Bxf4 Nbxd5 24. Bg5 Rd8 25. Re5 Nb4 
26. Qxd7 Nxd7 27. Re2 f6 28. Be3 b6 29. Rd2 Kf8 30. a3 Na6 31. Bf4 Ke7 
32. Bf1 Ndb8 33. Re2+ Kf7 34. Re1 g5 35. Bc1 h6 36. Bc4+ Kf8 37. f4 Nc7 
38. fxg5 hxg5 39. h4 Nd7 40. Ba2 c4 41. hxg5 Ne5 42. Rf1 Nd5 43. Bb1 Kf7 
44. gxf6 Ng4 45. Be4 Ndxf6 46. Bf5 Kg7 47. Re1 Ne5 48. Rxe5 Rd1+ 49. Kf2 Rxc1 
50. g4 c3 51. bxc3 Rxc3 52. g5 Nh5 53. a4 Nf4 54. Re7+ Kf8 55. Rxa7 Rc5 
56. Kg3 Rxf5 57. Kg4 Rc5 58. Kxf4 Kg8 59. Kg4 Ra5 60. Rb7 Rxa4+ 61. Kh5 Rb4 
62. Kg6 Kf8 63. Kh7 Rh4+ 1/2-1/2

[Event "Wednesday Jan 10 Engine Tour 9 Rd Swiss 12m+1s Starts at 1600hrs ST"]
[Site "Infinity Chess"]
[Date "2018.1.10"]
[Round "3"]
[White "Klaus"]
[Black "Thinker"]
[Result "1/2-1/2"]
[ECO "C50"]
[WhiteElo "2435"]
[BlackElo "2436"]
[WhiteEngine "asmFishW_2017-11-19_bmi2"]
[BlackEngine "BrainFish_180106_x64_modern_CTG"]
[EventType "Swiss"]
[WhiteTeam ""]
[BlackTeam ""]
[PlyCount "104"]
[TimeControl "720+1"]

1. e4 e5 2. Nf3 Nc6 3. Bc4 Bc5 4. O-O Nf6 5. d3 d6 6. c3 O-O 7. Bg5 h6 8. Bh4 a6 
9. a4 g5 10. Bg3 Ba7 11. Nbd2 Nh7 12. h3 h5 13. Kh1 Kh8 14. b4 g4 15. Nh4 Qg5 
16. b5 Ne7 17. d4 exd4 18. cxd4 Qh6 19. e5 d5 20. Bd3 Bxd4 21. Rc1 c6 
22. Nb3 Ba7 23. bxa6 bxa6 24. Rg1 Rg8 25. e6 Bxe6 26. Be5+ f6 27. Bd4 gxh3 
28. g3 Bg4 29. Qc2 Bxd4 30. Nxd4 Nf8 31. Rge1 Nfg6 32. Rb1 c5 33. Qxc5 Qd2 
34. Qc2 Qxc2 35. Bxc2 Ra7 36. Nxg6+ Nxg6 37. Rb6 Kg7 38. f3 Bd7 39. Bf5 Re8 
40. Reb1 Rc8 41. Bxd7 Rxd7 42. Rxa6 Ne5 43. Rbb6 Rc4 44. Nf5+ Kh7 45. Rxf6 Nxf3 
46. Rh6+ Kg8 47. Rag6+ Kf8 48. Rf6+ Kg8 49. Rfg6+ Kf8 50. Rf6+ Kg8 51. Rhg6+ Kh7 
52. Rh6+ Kg8 1/2-1/2

[Event "Wednesday Jan 10 Engine Tour 9 Rd Swiss 12m+1s Starts at 1600hrs ST"]
[Site "Infinity Chess"]
[Date "2018.1.10"]
[Round "3"]
[White "RonWeasley"]
[Black "MGR"]
[Result "1/2-1/2"]
[ECO "A00"]
[WhiteElo "2447"]
[BlackElo "2494"]
[WhiteEngine "BrainFish 060118_CTG"]
[BlackEngine "asmFishW_2017-11-19_bmi2"]
[EventType "Swiss"]
[WhiteTeam ""]
[BlackTeam ""]
[PlyCount "155"]
[TimeControl "720+1"]

1. a3 e5 2. e3 d5 3. d4 exd4 4. exd4 Nf6 5. Nc3 Bd6 6. Nb5 Bf5 7. Nxd6+ Qxd6 
8. Qe2+ Be6 9. f3 O-O 10. Bg5 Bd7 11. O-O-O h6 12. Bxf6 Qxf6 13. h4 b5 14. g4 a5 
15. g5 Qc6 16. gxh6 Qxh6+ 17. Qd2 Qxd2+ 18. Rxd2 Re8 19. h5 b4 20. Bd3 Nc6 
21. Ne2 Rad8 22. h6 bxa3 23. bxa3 g6 24. Nf4 Ne7 25. Re2 c6 26. Re5 Kh8 
27. Kd2 Nf5 28. Bxf5 Bxf5 29. Rb1 Rxe5 30. dxe5 g5 31. Nd3 Re8 32. Rb7 Kg8 
33. Ra7 Bxd3 34. Kxd3 Rxe5 35. Rxa5 Re6 36. c4 Rxh6 37. cxd5 cxd5 38. Ke3 Rd6 
39. Kd4 Rf6 40. Rxd5 Rxf3 41. Rxg5+ Kf8 42. Ra5 Ke7 43. Ke4 Rc3 44. a4 Kd6 
45. Kd4 Rf3 46. Rd5+ Kc6 47. a5 Rf4+ 48. Ke5 Rf2 49. Rd6+ Kb5 50. a6 Ra2 
51. Rf6 Ra5 52. a7 Rxa7 53. Rd6 Kc4 54. Rd4+ Kb3 55. Rd5 Kb4 56. Rd3 Kc4 
57. Rd4+ Kb3 58. Rd8 Kc2 59. Rf8 Kc3 60. Kf6 Ra6+ 61. Ke5 Ra7 62. Rc8+ Kd3 
63. Kf5 Kd2 64. Rf8 Rb7 65. Rd8+ Kc3 66. Re8 Ra7 67. Re5 Rb7 68. Rc5+ Kd4 
69. Re5 Kc3 70. Ra5 Kb4 71. Re5 Kc4 72. Re4+ Kc5 73. Rh4 Rd7 74. Kf6 Rd6+ 
75. Kf5 Kb5 76. Re4 Rd7 77. Kf6 Rd6+ 78. Kxf7 1/2-1/2

[Event "Wednesday Jan 10 Engine Tour 9 Rd Swiss 12m+1s Starts at 1600hrs ST"]
[Site "Infinity Chess"]
[Date "2018.1.10"]
[Round "3"]
[White "xeonrocks"]
[Black "Marsell"]
[Result "1/2-1/2 "]
[ECO "C58"]
[WhiteElo "2510"]
[BlackElo "2459"]
[WhiteEngine "asmFishW_CTG"]
[BlackEngine "asmFishW_2017-12-07_popcnt"]
[EventType "Swiss"]
[WhiteTeam ""]
[BlackTeam ""]
[PlyCount "336"]
[TimeControl "720+1"]

1. e4 e5 2. Nf3 Nc6 3. Bc4 Nf6 4. Ng5 d5 5. exd5 Na5 6. Bb5+ c6 7. dxc6 bxc6 
8. Be2 h6 9. Nh3 Qc7 10. O-O Bc5 11. Kh1 O-O 12. d3 Nb7 13. Nc3 Rd8 14. Qe1 Nd6 
15. f4 e4 16. dxe4 Nfxe4 17. Nxe4 Nxe4 18. Bd3 Nf6 19. f5 Bb7 20. Qh4 Rd4 
21. Nf4 Rad8 22. Be3 Rxd3 23. Bxc5 Rd2 24. Rac1 Qe5 25. Bb4 c5 26. Bxd2 Rxd2 
27. Rfd1 Qxb2 28. Qe1 Rxd1 29. Qxd1 Be4 30. Qd2 Bxf5 31. a4 c4 32. Ne2 Bg6 
33. Qc3 Qb7 34. Ng1 Qa6 35. a5 Ne4 36. Qd4 Qxa5 37. Nf3 Nf6 38. Qxc4 Be4 
39. Qd4 Qc7 40. c4 Qc6 41. Rc3 Qa8 42. Rb3 a5 43. Qd6 Kh7 44. Qc7 Bg6 45. h3 Qe4 
46. Ra3 Qc2 47. Kh2 a4 48. c5 Qc4 49. Qd6 Qb4 50. Ra1 Be4 51. Qd4 Qb7 
52. Qc3 Qb8+ 53. Kh1 Qa8 54. Kh2 Qb8+ 55. Kh1 Qa8 56. Ra3 Qc6 57. Qd4 Qb7 
58. Kh2 Bd5 59. Rc3 Kh8 60. Rd3 Kh7 61. Qxa4 Qc7+ 62. Kg1 Qxc5+ 63. Qd4 Qc2 
64. Kh2 Be4 65. Rc3 Qb1 66. Qe5 Qb2 67. Re3 Qb7 68. Nh4 Qb1 69. Nf3 Qb7 
70. Nh4 Qb1 71. Rg3 Qf1 72. Nf3 Qf2 73. Qd4 Qc2 74. Nd2 Bg6 75. Rc3 Qd1 
76. Rc8 Bf5 77. Rd8 Qe2 78. Qf4 Qb5 79. Nc4 Be4 80. Rd4 Qc6 81. Ne5 Qc2 
82. Rd2 Qc7 83. Re2 Bb1 84. Re1 Qb8 85. Qc4 Bg6 86. Kh1 Qe8 87. Qf1 Qd8 
88. Nxg6 fxg6 89. Qc4 Qd2 90. Qe2 Qf4 91. Qe5 Qf2 92. Re2 Qf1+ 93. Kh2 g5 
94. Re1 Qf2 95. Qg3 Qf5 96. Qe5 Qc2 97. Qg3 g4 98. h4 Qd2 99. Re6 Qd4 
100. Re7 h5 101. Qe1 Qf4+ 102. g3 Qd4 103. Qb1+ Kh6 104. Qc2 Qd6 105. Qc1+ Kh7 
106. Re3 Qd4 107. Qb1+ Kh6 108. Qc1 Kh7 109. Qe1 Qc5 110. Re2 Qd5 111. Re5 Qb3 
112. Re2 Qd5 113. Kg1 Kh8 114. Kf1 Kg8 115. Kg1 Qc5+ 116. Kh2 Qc4 117. Rg2 Qd5 
118. Qe3 Ne4 119. Re2 Nf6 120. Re1 Qf5 121. Qd2 Ne4 122. Qe3 Nd6 123. Re2 Qf7 
124. Qd2 Nf5 125. Re5 g6 126. Rd5 Qf6 127. Rd8+ Kh7 128. Rd7+ Ng7 129. Rd8 Nf5 
130. Rd7+ Ng7 131. Ra7 Qf1 132. Ra3 Nf5 133. Ra7+ Ng7 134. Qe3 Qf6 135. Qe2 Qd4 
136. Rf7 Qc3 137. Ra7 Qd4 138. Rc7 Kh8 139. Qc2 Kh7 140. Qe2 Qf6 141. Re7 Kh8 
142. Rb7 Kh7 143. Qg2 Qa1 144. Rb5 Qd4 145. Rd5 Qa1 146. Qf2 Kh6 147. Qe2 Kh7 
148. Qd2 Qf6 149. Rd7 Qf1 150. Rd3 Nf5 151. Rd7+ Ng7 152. Qe3 Qf6 153. Qe1 Qb2+ 
154. Kg1 Qb3 155. Qf2 Qb1+ 156. Kg2 Qe4+ 157. Kh2 Qe5 158. Kg2 Qe4+ 
159. Kg1 Qb1+ 160. Kh2 Qa1 161. Qe3 Qa2+ 162. Kg1 Qa1+ 163. Kg2 Qa2+ 
164. Rd2 Qb1 165. Rd7 Qc2+ 166. Kg1 Qb1+ 167. Kh2 Qa2+ 168. Rd2 Qa8 1/2-1/2

[Event "Wednesday Jan 10 Engine Tour 9 Rd Swiss 12m+1s Starts at 1600hrs ST"]
[Site "Infinity Chess"]
[Date "2018.1.10"]
[Round "3"]
[White "SkyPilot"]
[Black "Gilgamesch"]
[Result "1/2-1/2"]
[ECO "B53"]
[WhiteElo "2487"]
[BlackElo "2504"]
[WhiteEngine "stockfish_x64_bmi2_2018_01_01_CTG"]
[BlackEngine "BrainFish_171005_x64_bmi2"]
[EventType "Swiss"]
[WhiteTeam ""]
[BlackTeam ""]
[PlyCount "121"]
[TimeControl "720+1"]

1. e4 c5 2. Nf3 d6 3. d4 Nf6 4. Nc3 cxd4 5. Nxd4 a6 6. Be3 e5 7. Nb3 Be6 
8. f3 Be7 9. Qd2 Nbd7 10. g4 O-O 11. O-O-O b5 12. g5 Nh5 13. Kb1 Nb6 
14. Nd5 Nxd5 15. exd5 Bf5 16. Na5 f6 17. h4 Ng3 18. Nc6 Qd7 19. Rg1 Nxf1 
20. Rdxf1 fxg5 21. hxg5 Bg6 22. Rf2 Rae8 23. Qa5 Qb7 24. Qb4 Rf5 25. b3 Bf8 
26. Qd2 Rc8 27. Rgf1 Be8 28. f4 exf4 29. Rxf4 Rxf4 30. Rxf4 Bxc6 31. dxc6 Qxc6 
32. Qd3 g6 33. Bd4 Re8 34. Bc3 Bg7 35. Bxg7 Kxg7 36. Rd4 Qh1+ 37. Kb2 Qg2 
38. Rd5 Kg8 39. a3 Rf8 40. Rxd6 Qxg5 41. Rxa6 Qf5 42. Qe3 Rc8 43. Qe2 h5 
44. Rb6 h4 45. Rxb5 Rxc2+ 46. Qxc2 Qxb5 47. Qxg6+ Kf8 48. a4 Qe5+ 49. Kb1 Qe1+ 
50. Ka2 Qe2+ 51. Ka3 Qe7+ 52. Ka2 Qe2+ 53. Ka1 Ke7 54. Kb1 Qd1+ 55. Ka2 Qd2+ 
56. Ka1 h3 57. Qh7+ Kd6 58. Qxh3 Qc1+ 59. Ka2 Qc2+ 60. Ka1 Qc1+ 61. Ka2 1/2-1/2